 Dungeon Crawl Stone Soup version 0.26-a0-966-gd078a86f14 (webtiles) character file.

Game seed: 4364458070829214922

5119 marklar909 the Grappler (level 10, -1/94 HPs)
             Began as a Troll Warper on Dec 4, 2020.
             Was a Priest of Makhleb.
             Slain by a warg (16 damage)
             ... on level 7 of the Dungeon.
             The game lasted 00:08:15 (7430 turns).

marklar909 the Grappler (Troll Warper)              Turns: 7430, Time: 00:08:15

Health: -1/94      AC:  7    Str: 21    XL:     10   Next: 32%
Magic:  12/12      EV: 13    Int:  9    God:    Makhleb [***...]
Gold:   293        SH:  0    Dex: 12    Spells: 3/11 levels left

rFire    . . .     SeeInvis .     - Unarmed
rCold    . . .     Faith    .   (no shield)
rNeg     . . .     Spirit   .   a - +0 robe
rPois    .         Reflect  .   (helmet restricted)
rElec    .         Harm     .   k - +0 cloak
rCorr    .         Rampage  .   (gloves unavailable)
MR       .....                  (boots unavailable)
Stlth    ++........             (no amulet)
HPRegen  0.65/turn              (no ring)
MPRegen  0.13/turn              (no ring)

@: hasted, very quick
A: large, unfitting armour, claws 3, regeneration 1, shaggy fur 1, tough skin 3
a: Minor Destruction, Lesser Servant of Makhleb, Renounce Religion


You were on level 7 of the Dungeon.
You worshipped Makhleb.
Makhleb was most pleased with you.
You visited 1 branch of the dungeon, and saw 8 of its levels.
You also visited: Sewer and Ossuary.

You collected 420 gold pieces.
You spent 127 gold pieces at shops.

Inventory:

Missiles
 s - 5 large rocks (quivered)
Armour
 a - a +0 robe (worn)
 k - a +0 cloak (worn)
Wands
 n - a wand of random effects (30)
 u - a wand of disintegration (16)
Scrolls
 b - a scroll of silence {unknown}
 c - 4 scrolls of blinking
 f - 2 scrolls of magic mapping
 h - a scroll of enchant armour {unknown}
 i - 3 scrolls of teleportation {unknown}
 j - a scroll of fog {unknown}
 l - 2 scrolls of immolation {unknown}
 q - a scroll of random uselessness {unknown}
 v - 2 scrolls of enchant weapon {unknown}
 w - 2 scrolls of remove curse
 y - 7 scrolls of identify
 z - a scroll of noise {unknown}
Potions
 d - 5 potions of lignification
 e - 4 potions of flight
 g - a potion of ambrosia
 o - 4 potions of brilliance
 p - 2 potions of haste
 r - a potion of invisibility
 t - 3 potions of curing
 x - 2 potions of attraction {unknown}
 A - a potion of resistance {unknown}
 B - a potion of mutation {unknown}


   Skills:
 * Level 4.9 Fighting
 + Level 0.8 Throwing
 * Level 7.0 Dodging
 + Level 1.8 Stealth
 + Level 9.8 Unarmed Combat
 + Level 1.3 Spellcasting
 + Level 2.6 Translocations
 * Level 4.8 Invocations


You had 3 spell levels left.
You knew the following spells:

 Your Spells              Type           Power        Failure   Level
a - Blink                 Tloc           N/A          19%         2
b - Lesser Beckoning      Tloc           #.........   36%         3
c - Teleport Other        Tloc           #.......     36%         3

Your spell library contained the following spells:

 Spells                   Type           Power        Failure   Level
 Gell's Gravitas          Tloc           #.........   36%         3
 Passage of Golubria      Tloc           N/A          77%         4


Dungeon Overview and Level Annotations

Branches:
Dungeon (8/15)             Temple (0/1) D:7            Lair (0/6) D:8
  Sewer (visited)         Ossuary (visited)

Altars:
Fedhas
Makhleb
Qazlal
Ru
Trog
Uskayaw
Wu Jian
Xom
The Shining One

Shops:
D:6 ?

Annotations:
D:4 2 runed translucent doors, Vern1's ghost, amateur GrFi
D:6 3 runed translucent doors, Liquidunit's ghost, novice HuGl; gishou's ghost, weakling GnDe


Innate Abilities, Weirdness & Mutations

You are too large for most types of armour.
You have claws for hands.
Your natural rate of healing is unusually fast.
You are covered in fur. (AC +1)
You have extremely tough skin. (AC +3)


Message History

The warg bites you!
* * * LOW HITPOINT WARNING * * *
The warg bites you.
* * * LOW HITPOINT WARNING * * *
Unknown command.
Blink to where?
Press: ? - help, Dir - move target
As you read the scroll of blinking, it crumbles to dust.
You climb downwards.
An iguana and a bullfrog come into view.
The iguana hisses angrily.
The bullfrog croaks.
There is a stone staircase leading up here.
Unknown command.
The bullfrog hits you but does no damage.
You climb upwards.
The orc wizard casts a spell at you. The magic dart hits you.
* * * LOW HITPOINT WARNING * * *
The warg bites you!
You die...

.........#..........#.##
.......................#
.........#...##.......##
.......###..##.......##
###.#...###..#....#..###
##....>.####......##...##
.#......#.#.......##..#.#
...............F..#.o...###
.#.......#......@.........#
.#.......##......h.#h..>รท###
...........(....####.......#
.###....####...## ###...###
.##...........### ###.#
.....#..........# ###
#....#..........##
##...#...........#
##..###........##


You could see 2 wargs, a bullfrog and an orc wizard (fast).

Vanquished Creatures
  Joseph (D:7)
  Maggie (D:6)
  Prince Ribbit (D:7)
  Grum (D:8)
  Menkaure (D:5)
  Edmund (D:4)
  A warg (D:7)
  A water moccasin (Sewer)
  Duvessa (D:4)
  A hornet zombie (D:8)
  A phantom (D:7)
  3 sky beasts
  5 ice beasts
  A black bear (D:8)
  3 wolves
  2 ogres
  A centaur (D:6)
  3 elf zombies (Ossuary)
  Blork the orc (D:5)
  3 bullfrogs
  2 scorpions
  Dowan (D:4)
  12 wights
  2 howler monkeys
  A centaur zombie (D:8)
  A hound (D:7)
  3 orc wizards
  2 centaur skeletons
  2 jellies
  Ijyb (D:3)
  Natasha (thrice) (D:3)
  4 iguanas
  7 worker ants
  A hound zombie (D:5)
  3 mummies (Ossuary)
  A hound skeleton (D:6)
  6 adders
  4 gnolls (D:6)
  A shadow imp (D:6)
  2 ufetubi (D:5)
  2 oozes
  A worm zombie (D:7)
  3 adder zombies (Ossuary)
  2 worms (D:3)
  A dart slug (D:1)
  4 leopard geckos
  9 orcs
  15 bats
  6 giant cockroaches
  13 goblins
  7 hobgoblins
  2 jackals (D:7)
  5 kobolds
  2 quokkas (D:5)
  5 frilled lizards
  4 goblin zombies (Ossuary)
  3 hobgoblin zombies (Ossuary)
  A jackal skeleton (D:7)
  3 kobold zombies (Ossuary)
  2 quokka skeletons
  6 rats
  2 rat zombies (Ossuary)
  A butterfly (D:7)
191 creatures vanquished.

Vanquished Creatures (others)
  A plant (D:8)
  5 withered plants (D:6)
6 creatures vanquished.

Grand Total: 197 creatures vanquished

Notes
Turn   | Place    | Note
-------+----------+-------------------------------------------
     0 | D:1      | marklar909 the Troll Warper began the quest for the Orb.
     0 | D:1      | Reached XP level 1. HP: 19/19 MP: 1/1
    51 | D:1      | Reached XP level 2. HP: 27/28 MP: 2/2
   709 | D:2      | Reached XP level 3. HP: 35/35 MP: 3/3
  1119 | D:2      | Found a blossoming altar of Fedhas.
  1312 | D:3      | Found a shimmering altar of Xom.
  1312 | D:3      | Found a shimmering altar of Xom.
  1312 | D:3      | Found a shimmering altar of Xom.
  1313 | D:3      | Found a shimmering altar of Xom.
  1335 | D:3      | Found a burning altar of Makhleb.
  1335 | D:3      | Found a faded altar of an unknown god.
  1340 | D:3      | Found a stormy altar of Qazlal.
  1342 | D:3      | Found a bloodstained altar of Trog.
  1344 | D:3      | Found a faded altar of an unknown god.
  1446 | D:3      | Found a shimmering altar of Xom.
  1485 | D:3      | Noticed Natasha
  1490 | D:3      | Reached skill level 3 in Unarmed Combat
  1500 | D:3      | Killed Natasha
  1501 | D:3      | Reached XP level 4. HP: 15/42 MP: 5/5
  1586 | D:3      | Became a worshipper of Makhleb the Destroyer
  1626 | D:4      | Found a large runed translucent door.
  1627 | D:4      | Found a large runed translucent door.
  1692 | D:3      | Noticed an ice beast
  1708 | D:3      | Killed an ice beast
  1709 | D:3      | Reached skill level 4 in Unarmed Combat
  1709 | D:3      | Reached XP level 5. HP: 10/49 MP: 6/6
  1717 | D:3      | Noticed Natasha
  1772 | D:3      | Killed Natasha
  1816 | D:3      | Noticed Natasha
  1821 | D:3      | Killed Natasha
  1822 | D:3      | Reached XP level 6. HP: 52/57 MP: 7/7
  2088 | D:3      | Found an ornate altar of the Wu Jian Council.
  2105 | D:3      | Reached * piety under Makhleb
  2326 | D:3      | Noticed Ijyb
  2333 | D:3      | Killed Ijyb
  2676 | D:4      | Reached skill level 5 in Unarmed Combat
  2777 | D:4      | Noticed Edmund
  2820 | D:4      | Killed Edmund
  2999 | D:4      | Noticed Duvessa
  3000 | D:4      | Noticed Dowan
  3019 | D:5      | Entered Level 5 of the Dungeon
  3026 | D:5      | Reached XP level 7. HP: 46/65 MP: 8/8
  3085 | D:5      | Noticed Blork the orc
  3100 | D:5      | Killed Blork the orc
  3145 | D:5      | Noticed a +0 dagger
  3146 | D:5      | Found a hide-covered altar of Uskayaw.
  3147 | D:5      | Noticed a +0 hand axe
  3226 | D:5      | Reached skill level 6 in Unarmed Combat
  3226 | D:5      | Reached skill level 1 in Invocations
  3351 | D:5      | Noticed Menkaure
  3359 | D:5      | Killed Menkaure
  3550 | D:5      | Found a glowing golden altar of the Shining One.
  4273 | D:6      | Reached XP level 8. HP: 48/74 MP: 9/9
  4408 | D:6      | Noticed Maggie
  4418 | D:6      | Killed Maggie
  4419 | D:6      | Reached skill level 7 in Unarmed Combat
  4477 | D:6      | Found a sacrificial altar of Ru.
  4495 | D:6      | Reached ** piety under Makhleb
  4557 | D:6      | Reached skill level 5 in Dodging
  4557 | D:6      | Reached skill level 1 in Stealth
  4673 | D:6      | Reached skill level 8 in Unarmed Combat
  4673 | D:6      | Reached XP level 9. HP: 79/83 MP: 10/10
  4825 | D:6      | Found a glowing drain.
  4847 | Sewer    | Entered a sewer
  5070 | D:6      | Found Bafiaxih's Magic Scroll Emporium.
  5090 | D:6      | Bought a scroll of remove curse for 45 gold pieces
  5090 | D:6      | Bought a scroll of magic mapping for 52 gold pieces
  5090 | D:6      | Bought a scroll of identify for 30 gold pieces
  5102 | D:6      | Found a runed translucent gate.
  5102 | D:6      | Found a runed translucent gate.
  5104 | D:6      | Found a runed translucent gate.
  5106 | D:6      | Noticed Liquidunit's ghost (novice HuGl)
  5106 | D:6      | Noticed gishou's ghost (weakling GnDe)
  5407 | D:7      | Noticed Prince Ribbit
  5446 | D:7      | Reached *** piety under Makhleb
  5487 | D:7      | Found a staircase to the Ecumenical Temple.
  5546 | D:7      | Found a sand-covered staircase.
  5555 | D:7      | Noticed Joseph
  5579 | D:7      | Killed Joseph
  5583 | Ossuary  | Entered an ossuary
  6088 | D:4      | Killed Dowan
  6089 | D:4      | Reached skill level 9 in Unarmed Combat
  6203 | D:4      | Killed Duvessa
  6334 | D:4      | Noticed Vern1's ghost (amateur GrFi)
  6511 | D:7      | Killed Prince Ribbit
  6769 | D:7      | Reached XP level 10. HP: 89/94 MP: 12/12
  6829 | D:7      | Learned a level 2 spell: Blink
  6833 | D:7      | Learned a level 3 spell: Lesser Beckoning
  6837 | D:7      | Learned a level 3 spell: Teleport Other
  6975 | D:8      | Noticed Grum
  7256 | D:8      | Killed Grum
  7352 | D:8      | Found a staircase to the Lair.
  7422 | D:7      | HP: 3/94 [orc wizard/magic dart (4)]
  7430 | D:7      | Slain by a warg

Illustrated notes

Levels and vault maps discovered:
D:1:      scummos_arrival_simple_crosswalls, layout_basic
D:2:      layout_loops_cross, lemuel_round_altar
D:3:      kennysheep_six_static_rooms, layout_basic, old_standard_altar,
          chequers_temple_overflow_minitemple, xom_redecorated, uniq_ijyb,
          uniq_natasha
D:4:      layout_basic, ebering_ghost_disaster_area, uniq_duvessa, uniq_edmund
D:5:      layout_cave_pools, nicolae_tso_carved_into_rock,
          dancing_weapons_uskayaw, serial_co_window_serial,
          co_window_of_opportunity_a, co_window_of_opportunity_a,
          co_window_corner_a, co_window_corner_a, co_window_paths_a,
          co_window_broadway_c, co_window_corner_ca, co_window_2corner,
          co_window_broadway_c, co_window_4corner_b, co_window_paths_d,
          glass_columns_a, glass_columns_a, glass_columns_a, glass_columns_b,
          glass_columns_c, uniq_blork_the_orc, uniq_menkaure
D:6:      layout_loops_ring, nicolae_ru_great_annihilating_truth, serial_shops,
          shop, gup_sewer_entry_bowl, gammafunk_ghost_cemetery, uniq_maggie
D:7:      layout_cave_pools, minmay_temple_entry_butterflies, enter_ossuary_3,
          uniq_prince_ribbit1, uniq_joseph
D:8:      layout_cave_pools, okawaru_humans, kennysheep_mini_moat, zin_purify,
          erik_lair_orcish_takeover, uniq_grum

Skill      XL: |  1  2  3  4  5  6  7  8  9 10 |
---------------+-------------------------------+-----
Dodging        | 2 3 4 5 6 7 |  7.0
Unarmed Combat | 3 4 5 6 8 9 |  9.8
Fighting       | 2 3 4 |  4.9
Invocations    | 1 3 4 |  4.8
Stealth        | 1 |  1.8
Throwing       | |  0.8
Spellcasting   | |  1.3
Translocations | |  2.6

Action                   |  1- 3 |  4- 6 |  7- 9 | 10-12 || total
-------------------------+-------+-------+-------+-------++-------
Melee: Unarmed           |    98 |   147 |   391 |    98 ||   734
       Punch             |     1 |     3 |    12 |     2 ||    18
Invok: Lesser Servant of |       |       |     1 |       ||     1
  Use: Scroll            |       |       |     8 |     1 ||     9
       Potion            |       |       |       |     2 ||     2
 Stab: Paralysed         |       |       |     2 |       ||     2
       Distracted        |       |       |     1 |       ||     1
       Invisible         |       |       |     1 |       ||     1
       Sleeping          |       |       |     2 |       ||     2
Armor: Robe              |    39 |    71 |   101 |    37 ||   248
Dodge: Dodged            |    58 |    74 |   207 |    95 ||   434

Table legend: (Time is in decaauts)
 A = Elapsed time spent in this place.
 B = Non-inter-level travel time spent in this place.
 C = Inter-level travel time spent in this place.
 D = Time resting spent in this place.
 E = Time spent auto-exploring this place.
 F = Levels seen in this place.
 G = Mean time per level.
                   A        B        C        D        E       F      G
               +--------+--------+--------+--------+--------+-----+--------+
         Total |   7359 |   6899 |    460 |    599 |   5005 |  10 |  735.9 |
       Dungeon |   6848 |   6388 |    460 |    387 |   4828 |   8 |  856.0 |
         Sewer |    121 |    121 |      0 |      0 |     94 |   1 |  121.0 |
       Ossuary |    389 |    389 |      0 |    212 |     83 |   1 |  389.0 |
               +--------+--------+--------+--------+--------+-----+--------+

Top non-repeatable levels by time:
     D:3: 1304 daAuts
     D:5: 1255 daAuts
     D:6: 1066 daAuts
     D:7: 947 daAuts
     D:4: 740 daAuts
     D:1: 648 daAuts
     D:2: 611 daAuts
 Ossuary: 389 daAuts
     D:8: 274 daAuts
   Sewer: 121 daAuts
